 Dungeon Crawl Stone Soup version 0.31-a0-977-gc230f8ef24 (webtiles) character file.

Game seed: 18112839874574561888

210 Spaninq the Trooper (level 5, -2/53 HPs)
             Began as a Troll Cinder Acolyte on Oct 30, 2023.
             Was a High Priest of Ignis.
             Succumbed to a kobold brigand's curare-tipped dart
             ... in a sewer.
             The game lasted 00:07:11 (1853 turns).

Spaninq the Trooper (Troll Cinder Acolyte)          Turns: 1853, Time: 00:07:12

Health: -2/53      AC:  4    Str: 24    XL:     5   Next: 56%
Magic:  1/5        EV:  9    Int: 10    God:    Ignis [*****.]
Gold:   71         SH:  0    Dex:  5    Spells: 6/6 levels left

rFire   + +          .
                       - Unarmed
rCold   + . .        (no shield)
rNeg    . . .        b - +0 robe
rPois   +            (helmet currently unavailable)
rElec   +            (cloak currently unavailable)
rCorr   +            (gloves unavailable)
SInv    .            (boots unavailable)
Will    .....        i - amulet of guardian spirit
Stlth   +            (no ring)
HPRegen 1.08/turn    (no ring)
MPRegen 0.09/turn

%: guardian spirit
@: lethally poisoned (-2 -> -36), beast-form, resistant, slowed, very slow
A: beast (slay +1), large, unfitting armour, claws 3, regeneration 1, shaggy fur
1, tough skin 1
a: Begin Untransformation, Renounce Religion, Fiery Armour, Foxfire Swarm,
Rising Flame


You were in a sewer.
You worshipped Ignis.
Ignis was extremely pleased with you.
You were a hulking beast.
You visited 1 branch of the dungeon, and saw 3 of its levels.
You also visited: Sewer.

You collected 71 gold pieces.

Inventory:

Hand Weapons
 a - a -1 hand axe of flaming
Missiles
 n - 11 poisoned darts
Armour
 b - a +0 robe (worn)
Jewellery
 i - an amulet of guardian spirit (around neck)
Talismans
 e - a beast talisman (active)
Scrolls
 f - 3 scrolls of enchant weapon {unknown}
 j - a scroll of fog {unknown}
 k - 5 scrolls of identify {unknown}
 l - a scroll of immolation {unknown}
 m - a scroll of teleportation {unknown}
 o - a scroll of amnesia {unknown}
Potions
 c - a potion of berserk rage {unknown}
 d - a potion of heal wounds {unknown}
 h - a potion of brilliance {unknown}


   Skills:
 + Level 3.5 Fighting
 - Level 2.4 Axes
 + Level 2.4 Unarmed Combat
 - Level 1.0 Spellcasting
 - Level 2.1 Fire Magic
 * Level 3.2 Shapeshifting


You had 6 spell levels left.
You didn't know any spells.
Your spell library contained the following spells:

 Spells                   Type           Power      Damage    Failure   Level
 Scorch                   Fire           8%         2d5       22%         2


Dungeon Overview and Level Annotations

Branches:
Dungeon (3/15)              Sewer (1/1)

Altars:
Gozag
Xom

Shops:
D:1 =   D:2 (


Innate Abilities, Weirdness & Mutations

You are a hulking beast.
Your limbs bulge with bestial killing power. (Slay +1)
You are too large for most types of armour.
You have claws for hands.
Your natural rate of healing is unusually fast.
You are covered in fur. (AC +1)
You have tough skin. (AC +1)


Message History

You hear a splash. x2
You claw the endoplasm!
You kill the endoplasm!
You enter the shallow water.
Things that are here:
a +0 club; a stone; a kobold corpse You enter the shallow water.
Things that are here:
a +0 club; a stone; a kobold corpse You enter the shallow water.
You enter the shallow water. 2 kobold brigands come into view.
A kobold brigand is wielding a +0 club and quivering curare-tipped darts.
A kobold brigand is wielding a +0 short sword and quivering curare-tipped darts.
The kobold brigand shouts!
The kobold brigand throws a curare-tipped dart.
The curare-tipped dart hits you.
You are poisoned.
You have difficulty breathing.
You feel yourself slow down.
The kobold brigand throws a curare-tipped dart.
The curare-tipped dart hits you.
You are more poisoned.
You have difficulty breathing.
You feel as though you will be slow longer.
You feel extremely sick.
You feel extremely sick.
The kobold brigand throws a curare-tipped dart.
The curare-tipped dart hits you.
You are more poisoned.
You have difficulty breathing.
* * * LOW HITPOINT WARNING * * *
You feel as though you will be slow longer.
The kobold brigand throws a curare-tipped dart.
The curare-tipped dart hits you.
You are more poisoned.
You have difficulty breathing.
* * * LOW HITPOINT WARNING * * *
You feel as though you will be slow longer.
It was a potion of resistance.
You feel protected.
You die...

##≈## ##~## ##
###.~.## ##...##
##≈##.....####...~.#
≈≈≈≈≈~....~~~~.....#
#####....~####~....#
# ##.~~## ##~~.##
##)## ##.## #~# #.#
#~# #h# ##~## #.# #
##...## #.# #
#....~# .?K
≈≈≈≈≈.~...# !K.
#####.~..~# #...# #
##~~.## #.#.# #####
## ##


You could see 2 kobold brigands.

Vanquished Creatures
  A kobold brigand (Sewer)
  3 adders
  3 river rats (Sewer)
  3 worms
  2 dart slugs (D:1)
  9 ball pythons
  6 bats
  5 endoplasms
  A giant cockroach (D:1)
  3 goblins
  8 hobgoblins
  5 jackals
  6 kobolds
  6 quokkas
  5 frilled lizards
  7 rats
73 creatures vanquished.

Notes
Turn   | Place    | Note
-------+----------+-------------------------------------------
     0 | D:1      | Spaninq the Troll Cinder Acolyte began the quest for the
                  | Orb.
     0 | D:1      | Reached XP level 1. HP: 22/22 MP: 1/1
    57 | D:1      | Reached skill level 1 in Unarmed Combat
    76 | D:1      | Reached XP level 2. HP: 28/29 MP: 2/2
   302 | D:1      | Reached XP level 3. HP: 36/36 MP: 3/3
   307 | D:1      | Found a faded altar of an unknown god.
   390 | D:1      | Found Goonabo's One-of-a-Kind Rings.
   436 | D:1      | Reached skill level 1 in Shapeshifting
   967 | D:2      | Found Syasm's Weapon Boutique.
  1136 | D:2      | Reached XP level 4. HP: 39/45 MP: 4/4
  1493 | D:3      | Found an opulent altar of Gozag.
  1504 | D:3      | Found a shimmering altar of Xom.
  1595 | D:3      | Found a glowing drain.
  1607 | Sewer    | Entered a sewer
  1760 | Sewer    | Noticed a kobold brigand
  1768 | Sewer    | Reached XP level 5. HP: 53/53 MP: 5/5
  1853 | Sewer    | Succumbed to a kobold brigand's curare-tipped dart

Illustrated notes

Levels and vault maps discovered:
D:1:      shiori_shiawase, layout_loops_ring,
          shapermc_ecumenical_altar_hornbeckon, minmay_misc_feat_x,
          nicolae_shop_unique_rings, minmay_misc_feat_plants
D:2:      minmay_alternating_diamond, layout_loops_ring, serial_shops, shop,
          hex_medium
D:3:      layout_loops_ring, mainiacjoe_overflow_large_starburst,
          mainiacjoe_sewer_entry_somewhere_in_here_1
Sewer:    sewer_co_15_rooms

Skill      XL: |  1  2  3  4  5 |
---------------+----------------+-----
Unarmed Combat | 1 2 |  2.4
Shapeshifting  | 1 2 3 |  3.2
Fighting       | 3 |  3.5
Axes           | |  2.4
Spellcasting   | |  1.0
Fire Magic     | |  2.1

Action                     |  1- 3 |  4- 6 || total
---------------------------+-------+-------++-------
  Melee: Unarmed           |   125 |    68 ||   193
         Punch             |       |     1 ||     1
    Use: Potion            |       |     1 ||     1
 Armour: Robe              |    94 |    31 ||   125
  Dodge: Dodged            |    53 |    23 ||    76
   Form: Beast             |     1 |       ||     1

Table legend: (Time is in decaauts)
 A = Elapsed time spent in this place.
 B = Non-inter-level travel time spent in this place.
 C = Inter-level travel time spent in this place.
 D = Time resting spent in this place.
 E = Time spent auto-exploring this place.
 F = Levels seen in this place.
 G = Mean time per level.
                   A        B        C        D        E       F      G
               +--------+--------+--------+--------+--------+-----+--------+
         Total |   1847 |   1812 |     35 |      0 |   1191 |   4 |  461.8 |
       Dungeon |   1601 |   1566 |     35 |      0 |   1081 |   3 |  533.7 |
         Sewer |    245 |    245 |      0 |      0 |    110 |   1 |  245.0 |
               +--------+--------+--------+--------+--------+-----+--------+

Top non-repeatable levels by time:
     D:2: 757 daAuts
     D:1: 719 daAuts
   Sewer: 245 daAuts
     D:3: 125 daAuts
